 Dungeon Crawl Stone Soup version 0.23.2-40-g277498a001 (webtiles) character file.

Game seed: 15824177829115058719

46 Exodus22XD the Magician (level 3, 0/19 HPs)
             Began as a Deep Elf Wizard on Sept 20, 2019.
             Slain by Terence
             ... wielding a +6 hand axe of chopping
              (1 damage)
             ... on level 2 of the Dungeon.
             The game lasted 00:02:54 (1348 turns).

Exodus22XD the Magician (Deep Elf Wizard)           Turns: 1348, Time: 00:02:54

Health: 0/19       AC:  3    Str:  4    XL:     3   Next: 46%
Magic:  1/10       EV: 13    Int: 23    God:
Gold:   76         SH:  0    Dex: 13    Spells: 9/10 levels left

rFire    . . .     SeeInvis .   c - +0 short sword (curse)
rCold    . . .     Gourm    .   (no shield)
rNeg     . . .     Faith    .   a - +0 robe
rPois    .         Spirit   .   n - +0 helmet
rElec    .         Reflect  .   (no cloak)
rCorr    .         Harm     .   (no gloves)
MR       .....                  (no boots)
Stlth    ++........             (no amulet)
HPRegen  0.06/turn              (no ring)
MPRegen  0.12/turn              (no ring)

@: very slightly contaminated
A: no striking features
a: no special abilities


You were on level 2 of the Dungeon.
You were not hungry.

You visited 1 branch of the dungeon, and saw 2 of its levels.

You collected 76 gold pieces.

Inventory:

Hand Weapons
 c - a cursed +0 short sword (weapon)
Armour
 a - a +0 robe (worn)
 b - a +0 hat
 n - a +0 helmet (worn)
Scrolls
 g - 4 scrolls of identify {unknown}
 h - a scroll of enchant weapon {unknown}
 i - 2 scrolls of random uselessness {unknown}
 j - a scroll of amnesia {unknown}
 l - 2 scrolls of immolation {unknown}
 p - a scroll of fog {unknown}
Potions
 e - 3 potions of curing {unknown}
 f - a potion of lignification {unknown}
 k - 2 potions of might {unknown}
 m - a potion of mutation {unknown}
Comestibles
 d - 5 rations
 o - 2 chunks of flesh


   Skills:
 - Level 2.4 Dodging
 - Level 2.4 Stealth
 - Level 4.4 Spellcasting
 * Level 3.8 Conjurations
   Level 1.1 Summonings
   Level 1.1 Translocations


You had 9 spell levels left.
You knew the following spells:

 Your Spells              Type           Power        Failure   Level  Hunger
a - Magic Dart            Conj           ###.         1%          1    None

Your spell library contained the following spells:

 Spells                   Type           Power        Failure   Level  Hunger
 Blink                    Tloc           N/A          10%         2    None
 Call Imp                 Summ           ##......     10%         2    None
 Conjure Flame            Conj/Fire      ##......     14%         3    ##.....
 Slow                     Hex            #.......     16%         2    None
 Mephitic Cloud           Conj/Pois/Air  ##......     19%         3    ##.....


Dungeon Overview and Level Annotations

Branches:
Dungeon (2/15)

Altars:
Yredelemnul

Annotations:
D:2 Terence


Message History

Terence hits you with a +6 hand axe of chopping!
* * * LOW HITPOINT WARNING * * *
x2
Casting: Magic Dart (safe; 1% risk of failure)
Confirm with . or Enter, or press ? or * to list all spells.
Aiming: Magic Dart (safe; 1% risk of failure)
Press: ? - help, Shift-Dir - straight line, f/p - Terence
Aim: Terence, wielding a +6 hand axe of chopping and wearing a +0 chain mail (severely wounded)
The magic dart hits Terence.
Terence is severely wounded.
Terence barely misses you.
Casting: Magic Dart (safe; 1% risk of failure)
Confirm with . or Enter, or press ? or * to list all spells.
Aiming: Magic Dart (safe; 1% risk of failure)
Press: ? - help, Shift-Dir - straight line, f/p - Terence
Aim: Terence, wielding a +6 hand axe of chopping and wearing a +0 chain mail (severely wounded)
The magic dart hits Terence.
Terence is almost dead.
Terence hits you with a +6 hand axe of chopping.
* * * LOW HITPOINT WARNING * * *
You die...

##.## #.#.....#
#####...#######.#.....##
.......................#
#####...########.......# ##.##
#.......# #.# ####.......# ##.##
##...........#
############...###...##.......#
...(............@@.#..........# #
##########.#...###...##.......##.
# #.##### ##.###.......... ## #.#
#.# #.......##. .#### #.#
####.###..<....... #...# #.#
#..........†######
....######..........########
##............).....#
)..##............####


You could see Terence.

Vanquished Creatures
  An adder (D:2)
  A dart slug (D:1)
  3 leopard geckos (D:2)
  2 goblins
  2 hobgoblins (D:1)
  3 jackals (D:2)
  4 kobolds
  A quokka (D:2)
  2 ball pythons (D:2)
  6 bats (D:1)
  5 frilled lizards
  3 rats
33 creatures vanquished.

Notes
Turn   | Place    | Note
-------+----------+-------------------------------------------
     0 | D:1      | Exodus22XD the Deep Elf Wizard began the quest for the Orb.
     0 | D:1      | Reached XP level 1. HP: 10/10 MP: 7/7
   299 | D:1      | Reached XP level 2. HP: 15/15 MP: 5/9
   954 | D:2      | Reached XP level 3. HP: 19/19 MP: 4/10
  1148 | D:2      | Found a basalt altar of Yredelemnul.
  1321 | D:2      | Noticed Terence
  1348 | D:2      | Slain by Terence

Skill      XL: |  1  2 |
---------------+-------+-----
Conjurations   | 2 3 |  3.8
Dodging        | |  2.4
Stealth        | |  2.4
Spellcasting   | |  4.4
Summonings     | |  1.1
Translocations | |  1.1

Action                   || total
-------------------------++-------
 Cast: Magic Dart        ||    73
  Eat: Chunk             ||     1
Armor: Robe              ||     3
Dodge: Dodged            ||    16
